 Dungeon Crawl Stone Soup version 0.26.1-11-gd32895ea62 (webtiles) character file.

Game seed: 7435866038558793695

401 Saba the Bolt Thrower (level 6, 0/38 HPs)
             Began as a Gargoyle Hunter on July 6, 2021.
             Slain by a gnoll
             ... wielding a +0 halberd
              (7 damage)
             ... on level 5 of the Dungeon.
             The game lasted 00:05:58 (4914 turns).

Saba the Bolt Thrower (Gargoyle Hunter)             Turns: 4914, Time: 00:05:58

Health: 0/38       AC: 12    Str: 15 (18) XL:     6   Next: 85%
Magic:  6/6        EV:  9    Int:  8 (11) God:
Gold:   178        SH:  0    Dex:  1 (10) Spells: 5/5 levels left

rFire    . . .     SeeInvis .   f - +3 falchion
rCold    . . .     Faith    +   (no shield)
rNeg     + + .     Spirit   .   j - +0 scale mail
rPois    ∞         Reflect  .   (no helmet)
rElec    +         Harm     .   (no cloak)
rCorr    .         Rampage  .   (no gloves)
Will     .....                  b - +0 pair of boots
Stlth    ..........             c - amulet of faith
HPRegen  0.12/turn              e - ring of attention
MPRegen  0.10/turn              i - ring of positive energy

@: no status effects
A: negative energy resistance 1, electricity resistance, unbreathing,
petrification resistance, miasma immunity, AC +4
a: no special abilities


You were on level 5 of the Dungeon.
You visited 1 branch of the dungeon, and saw 5 of its levels.

You collected 178 gold pieces.

Inventory:

Hand Weapons
 a - a +2 hand crossbow
 f - a +3 falchion (weapon)
Missiles
 d - 51 bolts
Armour
 b - a +0 pair of boots (worn)
 j - a +0 scale mail (worn)
Jewellery
 c - an amulet of faith (around neck)
 e - a ring of attention (left hand)
 i - a ring of positive energy (right hand)
Scrolls
 o - a scroll of identify
Potions
 h - a potion of degeneration
 l - 2 potions of resistance
 r - 2 potions of lignification {unknown}
 s - a potion of curing {unknown}


   Skills:
 + Level 4.2 Fighting
 + Level 5.3 Crossbows
 + Level 3.4 Armour
 + Level 3.1 Dodging
 - Level 1.1 Stealth


You had 5 spell levels left.
You didn't know any spells.
Your spell library was empty.

Dungeon Overview and Level Annotations

Branches:
Dungeon (5/15)
 Temple: D:4-7

Altars:
Fedhas
Nemelex Xobeh
Qazlal
Sif Muna
Vehumet


Innate Abilities, Weirdness & Mutations

You are resistant to torment.
Your stone body is resilient. (AC +4)
You are immune to poison.
You resist negative energy. (rN+)
You are resistant to electric shocks. (rElec)
You can survive without breathing.
You are immune to petrification.
You are immune to miasma.


Message History

The gnoll hits you with a +0 halberd.
* * * LOW HITPOINT WARNING * * *
You completely miss the gnoll. The gnoll barely misses you.
You closely miss the gnoll. The gnoll closely misses you.
You hit the gnoll but do no damage. The gnoll hits you with a +0 halberd.
* * * LOW HITPOINT WARNING * * *
You hit the gnoll.
The gnoll is moderately wounded.
The gnoll closely misses you.
You barely miss the gnoll.
The gnoll is moderately wounded.
The gnoll barely misses you.
You slash the gnoll!
The gnoll is almost dead.
The gnoll hits you with a +0 halberd.
* * * LOW HITPOINT WARNING * * *
You barely miss the gnoll.
The gnoll is almost dead.
The gnoll hits you with a +0 halberd!
You die...

*,* *,,,,*,* #........
******,* ******,* ####.####
*,,,,,,* *,* #.# ***,****,*
*,* #.# *,,,,,,,,* *** #.#
*,,≈,,,,,* #g# *≈≈≈≈,.,,**
#.#
*≈≈≈≈≈....################.#
*****≈≈.......@g...........#
*≈≈≈+≈≈≈.###################
*≈∩≈+≈,≈,* *≈≈≈*≈≈≈,*
**********


You could see a gnoll.

Vanquished Creatures
  A phantom (D:4)
  A water moccasin skeleton (D:5)
  A hound (D:5)
  An orc priest (D:4)
  An orc wizard (D:4)
  7 adders
  A shadow imp (D:5)
  A white imp (D:5)
  2 oozes
  3 worms
  3 dart slugs
  6 leopard geckos
  6 orcs
  4 bats
  4 giant cockroaches
  7 goblins
  6 hobgoblins
  3 jackals (D:4)
  3 kobolds
  6 frilled lizards
  A leopard gecko skeleton (D:4)
  5 rats
73 creatures vanquished.

Vanquished Creatures (others)
  10 fungi (D:5)
  2 plants (D:5)
12 creatures vanquished.

Grand Total: 85 creatures vanquished

Notes
Turn   | Place    | Note
-------+----------+-------------------------------------------
     0 | D:1      | Saba the Gargoyle Hunter began the quest for the Orb.
     0 | D:1      | Reached XP level 1. HP: 12/12 MP: 1/1
   120 | D:1      | Reached XP level 2. HP: 14/18 MP: 0/2
   485 | D:1      | Reached skill level 1 in Armour
   716 | D:1      | Reached XP level 3. HP: 20/22 MP: 1/3
  1392 | D:2      | Reached XP level 4. HP: 27/27 MP: 4/4
  2221 | D:2      | Found a blossoming altar of Fedhas.
  2558 | D:3      | Found a radiant altar of Vehumet.
  3190 | D:3      | Found a stormy altar of Qazlal.
  3191 | D:3      | Found a shimmering blue altar of Sif Muna.
  3500 | D:4      | Reached XP level 5. HP: 29/32 MP: 5/5
  3626 | D:4      | Noticed a phantom
  3663 | D:4      | Killed a phantom
  3664 | D:4      | Reached XP level 6. HP: 17/38 MP: 6/6
  3939 | D:4      | Reached skill level 5 in Crossbows
  4015 | D:4      | Found a sparkling altar of Nemelex Xobeh.
  4547 | D:5      | Entered Level 5 of the Dungeon
  4551 | D:5      | Found a blossoming altar of Fedhas.
  4914 | D:5      | Slain by a gnoll

Illustrated notes

Levels and vault maps discovered:
D:1:      dpeg_arrival_refuge, layout_loops_ring
D:2:      layout_loops_ring, lemuel_coloured_pillars_altar
D:3:      layout_loops_corners, vehumet_crystals,
          gammafunk_temple_overflow_pools, chequers_serial_rivers_micro_d
D:4:      layout_gridville, nemelex_dance_club_becter
D:5:      layout_basic, nemelex_altar_shiori, serial_shops,
          nicolae_shop_crystal, portal_sewer_entry_e, fedhas_altar_3

Skill      XL: |  1  2  3  4  5  6 |
---------------+-------------------+-----
Armour         | 1 2 3 |  3.4
Dodging        | 2 3 |  3.1
Fighting       | 3 4 |  4.2
Crossbows      | 5 |  5.3
Stealth        | |  1.1

Action                   |  1- 3 |  4- 6 || total
-------------------------+-------+-------++-------
Melee: Spear             |    87 |       ||    87
       Short sword       |     1 |       ||     1
       Mace              |    32 |   195 ||   227
       Falchion          |       |    36 ||    36
 Fire: Hand crossbow     |       |    19 ||    19
  Use: Scroll            |       |     7 ||     7
       Potion            |       |     5 ||     5
Armor: Leather armour    |    49 |    21 ||    70
       Scale mail        |       |   214 ||   214
Dodge: Dodged            |    89 |   210 ||   299
       Rpst.: Falchion   |       |     7 ||     7
